 Dungeon Sprint DCSS version 0.19-a0-1823-g21c7ecd (webtiles) character file.

1193 Naow the Severer (level 8, -9/99 HPs)
             Began as a Minotaur Berserker on Oct 5, 2016.
             Was a High Priest of Trog.
             Mangled by a tengu warrior
             ... wielding a +0 dire flail
              (11 damage)
             ... in the Dungeon (Sprint IX: "|||||||||||||||||||||||||||||") on Oct 7, 2016.
             The game lasted 00:02:23 (366 turns).

Naow the Severer (Minotaur Berserker)                Turns: 366, Time: 00:02:25

Health: -9/99      AC: 11    Str: 26    XL:     8   Next: 20%
Magic:  7/7        EV: 11    Int:  6    God:    Trog [*****.]
Gold:   0          SH:  0    Dex: 14    Spells: 0 memorised, 7 levels left

rFire  . . .     SeeInvis .     s - +3 war axe (elec)
rCold  . . .     Gourm    .     o - +1 chain mail
rNeg   . . .     Faith    .     (no shield)
rPois  .         Spirit   .     (helmet restricted)
rElec  .         Dismiss  .     (no cloak)
rCorr  .         Reflect  .     n - +0 pair of gloves
MR     .....     Harm     .     (no boots)
Stlth  .......... NoTele   +    (no amulet)
                                q - +2 ring of evasion
                                p - +3 ring of dexterity

@: berserking (expiring), very quick
A: retaliatory headbutt, horns 2
a: Berserk, Trog's Hand, Brothers in Arms, Burn Spellbooks, Renounce Religion


You were in the Dungeon.
You worshipped Trog.
Trog was extremely pleased with you.
You were hungry.

You visited 1 branch

Inventory:

Hand Weapons
 a - a +0 hand axe
 s - a +3 war axe of electrocution (weapon)
Armour
 b - a +0 animal skin
 n - a +0 pair of gloves (worn)
 o - a +1 chain mail (worn)
Magical Staves
 r - an uncursed staff of energy
Jewellery
 p - a +3 ring of dexterity (left hand)
 q - a +2 ring of evasion (right hand)
Wands
 m - a wand of iceblast (7/15)
Scrolls
 i - 2 scrolls of blinking
 l - 3 scrolls of remove curse
Potions
 d - 5 potions of curing
 e - 3 potions of heal wounds
 f - a potion of haste
 g - 4 potions of magic
 h - a potion of berserk rage
 k - a potion of invisibility
Comestibles
 c - a bread ration
 j - 11 chunks of flesh


   Skills:
 - Level 4.1 Fighting
 + Level 19.6 Axes
 - Level 2.5 Armour
 - Level 2.2 Dodging


You had 7 spell levels left.
You didn't know any spells.

Dungeon Overview and Level Annotations

Branches:
Dungeon (1/1)

Altars:
Cheibriados
Dithmenos
Elyvilon
Fedhas
Gozag
Hepliaklqana
Kikubaaqudgha
Makhleb
Nemelex Xobeh
Okawaru
Qazlal
Ru
Sif Muna
Trog
Uskayaw
Vehumet
Xom
Yredelemnul
Zin
The Shining One
Beogh
Jiyva
Lugonu


Innate Abilities, Weirdness & Mutations

You reflexively headbutt those who attack you in melee.
You have a pair of horns on your head.


Message History

You barely miss the tengu warrior. Your headbutt misses the tengu warrior.
You barely miss the tengu warrior. Your headbutt misses the tengu warrior.
The tengu warrior hits you with a dire flail!
* * * LOW HITPOINT WARNING * * *
The tengu warrior closely misses you.
The tengu warrior claws you but does no damage.
You barely miss the tengu warrior. Your headbutt misses the tengu warrior.
You hit the tengu warrior.
There is a sudden explosion of sparks!
The tengu warrior is moderately wounded.
The tengu warrior closely misses you. The tengu warrior pecks you.
* * * LOW HITPOINT WARNING * * *
The tengu warrior claws you but does no damage.
You slice the tengu warrior!!
You headbutt the tengu warrior, but do no damage.
The tengu warrior is heavily wounded.
You miss the tengu warrior.
You headbutt the tengu warrior, but do no damage.
The tengu warrior is heavily wounded.
The tengu warrior hits you with a dire flail!
You die... ▓▓▓▓▓▓▓▓▓▓▓▓▓▓▓▓▓▓▓▓▓▓ +..aQ@)(...)[.'....[). ▓▓▓▓▓▓▓▓▓▓▓▓▓▓▓▓▓▓▓▓▓▓

You could see a tengu warrior and a worker ant.

Vanquished Creatures
  A hill giant (D)
  A cyclops (D)
  An ogre (D)
  A bullfrog (D)
  A scorpion (D)
  A howler monkey (D)
  A crimson imp (D)
  An orc priest (D)
  2 hounds (D)
  An adder (D)
  A shadow imp (D)
  An adder skeleton (D)
  An orc (D)
  A bat (D)
  A hobgoblin (D)
  A quokka (D)
  A frilled lizard (D)
  2 rats (D)
20 creatures vanquished.

Notes
Turn   | Place    | Note
-------+----------+-------------------------------------------
     0 | D        | Naow the Minotaur Berserker began the quest for the Orb.
     0 | D        | Reached XP level 1. HP: 19/19 MP: 0/0
     7 | D        | Reached skill level 4 in Axes
     7 | D        | Reached ** piety under Trog
    11 | D        | Reached skill level 5 in Axes
    16 | D        | Noticed a crimson imp
    16 | D        | Noticed a hound
    16 | D        | Noticed a scorpion
    17 | D        | Reached skill level 6 in Axes
    17 | D        | Reached XP level 2. HP: 27/27 MP: 1/1
    19 | D        | Killed a scorpion
    19 | D        | Reached *** piety under Trog
    19 | D        | Reached skill level 9 in Axes
    19 | D        | Reached XP level 3. HP: 33/33 MP: 2/2
    22 | D        | Reached skill level 10 in Axes
    22 | D        | Reached XP level 4. HP: 40/40 MP: 3/3
    31 | D        | Reached skill level 11 in Axes
    40 | D        | Banished a spatial maelstrom
    73 | D        | Found a roughly hewn altar of Beogh.
    73 | D        | Found a snail-covered altar of Cheibriados.
    73 | D        | Found a shadowy altar of Dithmenos.
    73 | D        | Found a white marble altar of Elyvilon.
    73 | D        | Found a blossoming altar of Fedhas.
    73 | D        | Found an opulent altar of Gozag.
    74 | D        | Found a hazy altar of Hepliaklqana.
    75 | D        | Found a viscous altar of Jiyva.
    76 | D        | Found an ancient bone altar of Kikubaaqudgha.
    77 | D        | Found a corrupted altar of Lugonu.
    78 | D        | Found a burning altar of Makhleb.
    79 | D        | Found a sparkling altar of Nemelex Xobeh.
    80 | D        | Found an iron altar of Okawaru.
    81 | D        | Found a stormy altar of Qazlal.
    82 | D        | Found a sacrificial altar of Ru.
    83 | D        | Found a deep blue altar of Sif Muna.
    84 | D        | Found a bloodstained altar of Trog.
    85 | D        | Found a hide-covered altar of Uskayaw.
    86 | D        | Found a radiant altar of Vehumet.
    87 | D        | Found a shimmering altar of Xom.
    88 | D        | Found a basalt altar of Yredelemnul.
    89 | D        | Found a glowing silver altar of Zin.
    90 | D        | Found a glowing golden altar of the Shining One.
   151 | D        | Noticed an ogre
   151 | D        | Noticed a bullfrog
   153 | D        | Reached **** piety under Trog
   158 | D        | Killed a bullfrog
   158 | D        | Reached skill level 13 in Axes
   158 | D        | Reached XP level 5. HP: 26/46 MP: 4/4
   164 | D        | Reached ***** piety under Trog
   164 | D        | Reached skill level 14 in Axes
   167 | D        | Killed an ogre
   167 | D        | Reached skill level 15 in Axes
   167 | D        | Reached XP level 6. HP: 20/52 MP: 5/5
   341 | D        | Upgraded the game from 0.19-a0-1803-g97ff39f to 0.19-a0-1823-g21c7ecd
   341 | D        | Noticed a tengu warrior
   341 | D        | Noticed a hill giant
   341 | D        | Noticed a cyclops
   355 | D        | Killed a hill giant
   355 | D        | Reached skill level 18 in Axes
   355 | D        | Reached XP level 7. HP: 58/59 MP: 6/6
   359 | D        | Killed a cyclops
   359 | D        | Received a gift from Trog
   359 | D        | Reached skill level 19 in Axes
   359 | D        | Reached XP level 8. HP: 27/66 MP: 7/7
   362 | D        | HP: 3/99 [tengu warrior/dire flail (16)]
   364 | D        | HP: 1/99 [tengu warrior/dire flail (2)]
   366 | D        | Mangled by a tengu warrior

Vault maps used:
D:        linesprint

Skill      XL: |  1  2  3  4  5  6  7 |
---------------+----------------------+-----
Axes           | 6 9 10 13 15 18 19 | 19.6
Fighting       | 4 |  4.1
Armour         | |  2.5
Dodging        | |  2.2

Action                   |  1- 3 |  4- 6 |  7- 9 || total
-------------------------+-------+-------+-------++-------
Melee: Hand axe          |    10 |     6 |       ||    16
       Headbutt          |     1 |     4 |     4 ||     9
       War axe           |       |    22 |     9 ||    31
Invok: Berserk           |     1 |     2 |       ||     3
Armor: Animal skin       |     1 |     1 |       ||     2
       Chain mail        |       |     4 |     4 ||     8
Dodge: Dodged            |     6 |     8 |     3 ||    17
